 Dungeon Crawl Stone Soup version 0.27.1-3-gb3d3a73c9e (webtiles) character file.

Game seed: 15931849623843482121

30 Descartes the Scratcher (level 3, 0/15 HPs)
             Began as a Felid Transmuter on Oct 22, 2021.
             Succumbed to an adder's poison
             ... on level 2 of the Dungeon.
             The game lasted 00:01:56 (1888 turns).

Descartes the Scratcher (Felid Transmuter)          Turns: 1888, Time: 00:01:57

Health: 0/15       AC:  1    Str:  7    XL:     3   Next: 3%
Magic:  7/7        EV: 17    Int: 14    God:
Gold:   55         SH:  0    Dex: 16    Spells: 5/6 levels left
                                        Lives:  0   Deaths: 0

rFire    . . .     SeeInvis +     - Unarmed
rCold    . . .     Faith    .   (shield unavailable)
rNeg     . . .     Spirit   .   (armour unavailable)
rPois    .         Reflect  .   (helmet unavailable)
rElec    .         Harm     .   (cloak unavailable)
rCorr    .         Rampage  .   (gloves unavailable)
Will     .....                  (boots unavailable)
Stlth    ++........             g - amulet of magic regeneration
HPRegen  0.05/turn              (no ring)
MPRegen  0.35/turn              (no ring)

@: lethally poisoned (0 -> -10), appendages, quick
A: horns 2, very small, claws 1, fangs 3, see invisible, speed 1, shaggy fur 1,
stealthy paws, no weapons or thrown items, no armour, multi-lived
a: End Transformation


You were on level 2 of the Dungeon.
You had temporarily grown beastly horns.
You visited 1 branch of the dungeon, and saw 2 of its levels.

You collected 55 gold pieces.

Inventory:

Jewellery
 g - an amulet of magic regeneration (around neck)
Scrolls
 a - 3 scrolls of identify {unknown}
 d - a scroll of amnesia {unknown}
 h - a scroll of teleportation {unknown}
Potions
 b - 2 potions of mutation {unknown}
 c - a potion of curing {unknown}
 e - a potion of cancellation {unknown}
 f - a potion of flight {unknown}


   Skills:
 + Level 1.3 Fighting
 + Level 3.1 Dodging
 * Level 2.1 Stealth
 + Level 3.2 Unarmed Combat
 - Level 2.0 Spellcasting
 + Level 2.6 Transmutations


You had 5 spell levels left.
You knew the following spells:

 Your Spells              Type           Power      Damage    Failure   Level
a - Beastly Appendage     Tmut           16%        N/A       9%          1

Your spell library contained the following spells:

 Spells                   Type           Power      Damage    Failure   Level
 Wereblood                Tmut           8%         N/A       12%         2
 Spider Form              Tmut/Pois      2%         N/A       38%         3
 Ice Form                 Ice/Tmut       5%         N/A       80%         4


Dungeon Overview and Level Annotations

Branches:
Dungeon (2/15)

Altars:


Innate Abilities, Weirdness & Mutations

You have temporarily grown beastly horns.
You have sharp claws.
You have razor-sharp teeth.
You have supernaturally acute eyesight. (SInv)
You cover ground quickly. (Speed+)
You are covered in fur. (AC +1)
Your paws help you pounce on unaware monsters.
You are incapable of wielding weapons or throwing items.
You cannot wear armour.
You gain extra lives every three experience levels.


Message History

A frilled lizard comes into view.
The frilled lizard hisses.
There is an open door here.
Casting: Beastly Appendage (safe; 9% risk of failure)
Confirm with . or Enter, or press ? or * to list all spells.
You grow a pair of large bovine horns.
You scratch the frilled lizard.
You kill the frilled lizard!
No target in view!
Magic restored.
You open the door.
Your transformation is almost over.
There is an open door here.
Found a buckler.
You see here a +0 buckler.
As you open the door, it creaks loudly! 2 adders and a rat come into view.
The adder hisses angrily. x2; You hear a shout!
A bat comes into view.
The rat moves out of view.
Casting: Beastly Appendage (safe; 9% risk of failure)
Confirm with . or Enter, or press ? or * to list all spells.
You extend your transformation's duration.
The adder bites you.
You are poisoned.
The adder poisons you! The adder closely misses you.
You scratch the adder.
The adder is heavily wounded.
You feel sick. The adder bites you.
You are lethally poisoned!
The adder poisons you!
You scratch the adder but do no damage.
The adder is heavily wounded.
You feel sick.
A hobgoblin comes into view.
The adder bites you.
* * * LOW HITPOINT WARNING * * *
You scratch the adder.
The adder is severely wounded.
You die...

#.##...###........
#[##...# #........
#.##...# #........
#.##...###........
#.##...##..>......
#.##...##.######..
## #.#######.# #..
<# #.# #.# #.. ##
#@# #.# #.. #S#
#.# #..


Sb. #)# #.. ..... #.# #.. ....... #.# #.. #........ #.# #(. #......... #.# ###
####g#######.# #.# You could see 2 adders, a hobgoblin and a bat.

Vanquished Creatures
  A dart slug (D:1)
  3 ball pythons
  4 endoplasms
  2 giant cockroaches (D:1)
  A goblin (D:1)
  A hobgoblin (D:2)
  4 kobolds
  A quokka (D:1)
  3 bats
  3 frilled lizards
  3 rats
26 creatures vanquished.

Notes
Turn   | Place    | Note
-------+----------+-------------------------------------------
     0 | D:1      | Descartes the Felid Transmuter began the quest for the Orb.
     0 | D:1      | Reached XP level 1. HP: 9/9 MP: 4/4
   251 | D:1      | Reached skill level 1 in Stealth
   424 | D:1      | Reached XP level 2. HP: 12/12 MP: 4/6
  1186 | D:1      | Found a faded altar of an unknown god.
  1233 | D:1      | Found Qyet's Weapon Boutique.
  1672 | D:2      | Reached XP level 3. HP: 6/15 MP: 7/7
  1888 | D:2      | Succumbed to an adder's poison

Illustrated notes

Levels and vault maps discovered:
D:1:      lemuel_arrival_rhombus, layout_rooms, serial_shops, shop,
          ebering_ecumenical_altar_ruins
D:2:      layout_basic

Skill      XL: |  1  2 |
---------------+-------+-----
Stealth        | 1 2 |  2.1
Dodging        | 3 |  3.1
Fighting       | |  1.3
Unarmed Combat | |  3.2
Spellcasting   | |  2.0
Transmutations | |  2.6

Action                   || total
-------------------------++-------
Melee: Unarmed           ||    58
       Headbutt          ||     7
       Bite              ||     3
       Punch             ||     1
 Cast: Beastly Appendage ||    19
 Stab: Sleeping          ||     1
Armor: Skin              ||     5
Dodge: Dodged            ||    38
